Map: Bel'Shir Vestige LE (Void)

Players

Pokebunny - Winner!

  • Race: Terran Terran
  • Spawn Location: 11:00

Ghost

  • Race: Terran Terran
  • Spawn Location: 5:00

Event: WCS Austin 2017

VOD

Have the link to the VOD?

Description

Time

  • Played on: April 28, 2017, 1:22 p.m.
  • Length: 6:55

All games in this series

Show
View Real Time Build Order
Export as new Build Order

Pokebunny Terran - Winner!

Build Orders: 1/1/1, Cyclone Opening 

Get SALT Encoding   

  12  0:00  SCV  
  13  0:13  SCV  
  14  0:17  Supply Depot  
  14  0:25  SCV  
  15  0:29  Refinery  
  15  0:38  SCV  
  16  0:44  Barracks  
  16  0:51  SCV  
  16  0:54  Refinery  
  17  1:03  SCV  
  18  1:15  SCV  
  19  1:30  Orbital Command  
  19  1:31  Reaper  
  20  1:35  Factory  
  20  1:46  Supply Depot  
  20  1:55  SCV  
  21  2:03  Reaper  
  21  2:08  SCV  
  23  2:19  Cyclone  
  23  2:20  SCV  
  23  2:21  Starport  
  27  2:26  Supply Depot  
  27  2:32  SCV  
  27  2:35  Reaper  
  29  2:44  SCV  
  30  2:51  Cyclone  
  30  2:56  SCV  
  34  3:01  Supply Depot  
  34  3:03  Viking  
  36  3:10  Barracks Tech Lab  
  36  3:11  SCV  
  37  3:31  SCV  
  38  3:34  Command Center  
  38  3:38  Barracks Reactor  
  38  3:43  SCV  
  39  3:52  Raven  
  39  4:09  Factory Tech Lab, SCV  
  39  4:14  Marine x2  
  41  4:25  SCV  
  41  4:30  Refinery  
  43  4:40  Barracks, Siege Tank  
  43  4:41  Barracks  
  43  4:43  SCV  
  46  4:48  Marine  
  46  4:49  Stimpack  
  46  4:52  Starport Reactor  
  41  4:59  SCV, Orbital Command  
  40  5:08  Marine  
  40  5:12  SCV  
  40  5:13  Siege Tank  
  45  5:24  SCV x2  
  45  5:26  Marine  
  48  5:29  Barracks Reactor, Marine  
  48  5:30  Marine  
  48  5:35  Viking x2  
  54  5:36  Supply Depot, SCV  
  54  5:37  SCV  
  56  5:45  Supply Depot, Marine  
  56  5:47  Marine x2  
  56  5:48  SCV  
  56  5:49  SCV  
  61  5:58  Engineering Bay, Siege Tank  
  61  6:01  Refinery, SCV x2  
  66  6:05  Marine  
  66  6:06  Marine x3  
  66  6:07  Marine  
  71  6:13  SCV x2  
  71  6:18  Medivac  
  75  6:20  Medivac  
  75  6:21  Supply Depot  
  77  6:26  SCV  
  78  6:43  SCV  
Show
View Real Time Build Order
Export as new Build Order

Ghost Terran 

Build Orders: Cyclone Opening, Reaper Expand 

Get SALT Encoding   

  12  0:00  SCV  
  13  0:12  SCV  
  14  0:17  Supply Depot  
  14  0:24  SCV  
  15  0:29  Refinery  
  15  0:38  SCV  
  16  0:48  Barracks  
  16  0:52  SCV  
  17  1:04  SCV  
  18  1:16  SCV  
  19  1:34  Reaper  
  19  1:35  Orbital Command  
  20  1:45  Command Center  
  20  1:56  Factory  
  20  2:01  SCV  
  21  2:07  Refinery  
  21  2:09  Barracks Reactor  
  21  2:13  SCV  
  22  2:18  Supply Depot  
  21  2:25  SCV  
  22  2:37  SCV  
  23  2:46  Marine  
  23  2:47  Cyclone, Marine  
  23  2:49  SCV  
  29  2:57  Starport  
  29  3:04  Orbital Command  
  29  3:10  Marine  
  30  3:15  SCV  
  30  3:17  Marine  
  32  3:22  Cyclone  
  35  3:30  SCV  
  35  3:31  Marine, SCV  
  38  3:36  Marine  
  39  3:44  Viking  
  39  3:47  SCV  
  42  3:54  Marine  
  42  3:55  Factory Tech Lab, Marine  
  40  4:08  SCV  
  33  4:14  Supply Depot  
  33  4:15  Supply Depot, Siege Tank  
  33  4:16  Marine  
  38  4:24  Marine  
  36  4:36  Viking, SCV  
  33  4:42  Marine  
  22  4:56  Siege Tank  
  19  5:00  Marine  
  18  5:07  SCV x2  
  18  5:10  Viking  
  22  5:19  SCV  
  24  5:21  Orbital Command  
  24  5:23  Barracks  
  24  5:26  Engineering Bay  
  24  5:27  Barracks Reactor  
  23  5:34  SCV  
  24  5:45  Viking  
  24  5:46  SCV  
  27  5:57  Missile Turret  
  27  6:01  SCV x2  
  29  6:08  Siege Tank  
  29  6:09  Marine  
  33  6:15  SCV x2  
  35  6:23  Supply Depot  
  35  6:32  SCV x2  
  36  6:35  Supply Depot  
Tags
 
Add a new tag
Caveats
  • Supply blocks, unpowered buildings, or Contaminate may cause inaccurate times.
  • Supply counts are checked every 10 seconds.